 Dungeon Crawl Stone Soup version 0.23.0 (webtiles) character file.

Game seed: 15808258211442365119

32 Borgoz the Sneak (level 3, -23/30 HPs)
             Began as a Ghoul Assassin on Feb 17, 2019.
             Annihilated by an ogre
             ... wielding a +0 giant club
              (28 damage)
             ... on level 2 of the Dungeon.
             The game lasted 00:01:24 (914 turns).

Borgoz the Sneak (Ghoul Assassin)                    Turns: 914, Time: 00:01:25

Health: -23/30     AC:  3    Str: 14    XL:     3   Next: 27%
Magic:  2/2        EV: 12    Int:  7    God:
Gold:   55         SH:  0    Dex: 10    Spells: 2/2 levels left

rFire    . . .     SeeInvis .   b - +0 blowgun
rCold    + . .     Gourm    .   (no shield)
rNeg     + + +     Faith    .   c - +0 robe
rPois    ∞         Spirit   .   (no helmet)
rElec    .         Reflect  .   d - +0 cloak
rCorr    .         Harm     .   (no gloves)
MR       .....                  (no boots)
Stlth    +++.......             (no amulet)
HPRegen  0.00/turn              (no ring)
MPRegen  0.08/turn              (no ring)

@: rotting
A: rotting body, claws 1, carnivore, cold resistance 1, negative energy
resistance 3, inhibited regeneration, torment resistance, unbreathing
a: no special abilities


You were on level 2 of the Dungeon.
You were not hungry.

You visited 1 branch of the dungeon, and saw 2 of its levels.

You collected 55 gold pieces.

Inventory:

Hand Weapons
 a - a +2 dagger
 b - a +0 blowgun (weapon)
Missiles
 e - 3 poisoned needles (quivered)
 f - 2 curare-tipped needles
Armour
 c - a +0 robe (worn)
 d - a +0 cloak (worn)
Scrolls
 n - a scroll of remove curse {unknown}
Potions
 h - 2 potions of might {unknown}
 i - a potion of brilliance {unknown}
 j - a potion of agility {unknown}
 l - a potion of degeneration {unknown}
 m - a potion of invisibility {unknown}
Comestibles
 g - 3 rations


   Skills:
 + Level 2.5 Fighting
 * Level 2.3 Short Blades
 - Level 1.7 Throwing
 * Level 1.7 Dodging
 + Level 4.6 Stealth


You had 2 spell levels left.
You didn't know any spells.
Your spell library was empty.

Dungeon Overview and Level Annotations

Branches:
Dungeon (1/15)

Altars:
The Shining One


Innate Abilities, Weirdness & Mutations

Your body is rotting away.
You thrive on raw meat.
You are immune to poison.
You have sharp fingernails.
You are carnivorous and can eat meat at any time.
Your flesh is cold resistant. (rC+)
You are immune to negative energy. (rN+++)
You do not regenerate when monsters are visible.
You are immune to unholy pain and torment.
You can survive without breathing.


Message History

You shoot a poisoned needle.
The poisoned needle barely misses the ogre.
Firing (i - inventory. (/) - cycle)
e - 5 poisoned needles (quivered)
Press: ? - help, Shift-Dir - straight line, f/p - ogre
Aim: an ogre, wielding a +0 giant club (lightly wounded, poisoned)
You shoot a poisoned needle. The poisoned needle hits the ogre.
The ogre looks even sicker.
The ogre is lightly wounded.
The ogre hits you with a +0 giant club!!
Ouch! That really hurt!
* * * LOW HITPOINT WARNING * * *
The ogre looks more healthy.
Firing (i - inventory. (/) - cycle)
e - 4 poisoned needles (quivered)
Press: ? - help, Shift-Dir - straight line, f/p - ogre
Aim: an ogre, wielding a +0 giant club (heavily wounded)
You shoot a poisoned needle. The poisoned needle hits the ogre.
The ogre is heavily wounded.
The ogre hits you with a +0 giant club!!
Ouch! That really hurt!
You die...

#.# #......# #. #....#. #.#
#......# #.#####....#. #.#
#......# #....÷.÷...#. #.#
######## #######.###≈. #.#
#.##≈≈≈ #####.### #.###≈≈
#.......# #.# ##≈ #.......#
###############.# #≈ #.......#
#..O@...........# #. #.......#
#.########.....## #.
#####'#####..## #.....# #≈
#..........# #.....# #.
#........#.## #.....# #.
#...........# #.....# ##
##.#####..#.## #.....# #
#........#..## #.....# #
##########....###..###.....######


You could see an ogre.

Vanquished Creatures
  An adder (D:2)
  A leopard gecko (D:1)
  2 giant cockroaches
  4 goblins
  4 hobgoblins
  2 jackals (D:2)
  4 kobolds
  A frilled lizard (D:1)
  A rat (D:2)
20 creatures vanquished.

Notes
Turn   | Place    | Note
-------+----------+-------------------------------------------
     0 | D:1      | Borgoz the Ghoul Assassin began the quest for the Orb.
     0 | D:1      | Reached XP level 1. HP: 17/17 MP: 0/0
     8 | D:1      | Reached skill level 1 in Dodging
   122 | D:1      | Reached XP level 2. HP: 16/25 MP: 1/1
   315 | D:1      | You fall through a shaft!
   361 | D:2      | Reached XP level 3. HP: 19/30 MP: 2/2
   686 | D:2      | Found a glowing golden altar of the Shining One.
   874 | D:2      | Noticed an ogre
   914 | D:2      | Annihilated by an ogre

Skill      XL: |  1 |
---------------+----+-----
Dodging        | 1 |  1.7
Short Blades   | 2 |  2.3
Fighting       | |  2.5
Throwing       | |  1.7
Stealth        | |  4.6

Action                   || total
-------------------------++-------
Melee: Dagger            ||    56
 Fire: Blowgun           ||     5
 Stab: Sleeping          ||     5
  Eat: Chunk             ||     2
Armor: Robe              ||    10
Dodge: Dodged            ||    27
